[Event "3rd Greenwich University FIDE Rating"]
[Site "Dhaka,Bangladesh"]
[Date "2008.07.20"]
[Round "4"]
[White "Khondakar Nazre Mowla"]
[Black "Mohammad Farhadur Rahman"]
[Result "1/2-1/2"]
[WhiteElo "1872"]
[BlackElo "2030"]
[ECO "C16"]
[TimeControl "90 minutes + 30 seconds increment"]

1. e4 e6 2. d4 d5 3. Nc3 Bb4 4. e5 Qd7 5. a3 Bxc3+ 6. bxc3 b6 7. f4 Ba6 8. 
Bd3 Ne7 9. Nf3 Nec6 10. Qe2 Bxd3 11. cxd3 Na5 12. Qc2 c5 13. Be3 c4 14. Nd2 
Qb5 15. Rb1 cxd3 16. Rxb5 dxc2 17. Ke2 Nd7 18. Rc1 a6 19. Rb2 b5 20. a4 bxa4 
21. Rcxc2 Ke7 22. c4 Nxc4 23. Nxc4 dxc4 24. Rxc4 a3 25. Ra2 Rhb8 26. Rxa3 
Rb2+ 27. Kf3 a5 28. Rca4 Rc8 29. Rxa5 Rcc2 30. d5 exd5 31. Rxd5 Nb6 32. Ra7+ 
Ke8 33. Bxb6 Rxb6 34. Rad7 1/2-1/2

[Event "3rd Greenwich University FIDE Rating"]
[Site "Dhaka,Bangladesh"]
[Date "2008.07.22"]
[Round "6"]
[White "Khondakar Nazre Mowla"]
[Black "Obaidul Islam Shahin"]
[Result "0-1"]
[WhiteElo "1872"]
[BlackElo "2026"]
[ECO "B95"]
[TimeControl "90 minutes + 30 seconds increment"]

1. e4 c5 2. Nf3 d6 3. d4 cxd4 4. Nxd4 Nf6 5. Nc3 a6 6. Bg5 e6 7. Be2 Be7 8. 
O-O Nbd7 9. Kh1 Qc7 10. Nb3 b5 11. a3 Bb7 12. Bd3 Rc8 13. f4 h6 14. Bh4 O-O 
15. Bf2 Rfe8 16. Re1 e5 17. f5 d5 18. exd5 Nxd5 19. Nxd5 Bxd5 20. c3 Qc6 21. 
Bf1 Rcd8 22. Nd2 Bc5 23. Bxc5 Nxc5 24. Qg4 e4 25. Re3 Nd3 26. Bxd3 exd3 27. 
Rg3 Qf6 28. Kg1 Re2 29. Rd1 Rde8 30. Rxd3 Rxg2+ 31. Qxg2 Bxg2 32. Kxg2 Re2+ 
0-1

[Event "3rd Greenwich University FIDE Rating"]
[Site "Dhaka,Bangladesh"]
[Date "2008.07.24"]
[Round "8"]
[White "Habibur Rahman Sohel"]
[Black "Khondakar Nazre Mowla"]
[Result "1-0"]
[WhiteElo "2012"]
[BlackElo "1872"]
[ECO "C24"]
[TimeControl "90 minutes + 30 seconds increment"]

1. e4 e5 2. Bc4 Nf6 3. d3 c6 4. a3 d5 5. exd5 cxd5 6. Ba2 Bc5 7. h3 O-O 8. 
Nc3 Nc6 9. Nge2 h6 10. O-O a6 11. Ng3 Be6 12. Kh1 Qd7 13. Kh2 Rad8 14. f4 
exf4 15. Bxf4 Bd6 16. Nh5 Nxh5 17. Qxh5 Qc7 18. g3 d4 19. Ne4 Bxf4 20. Rxf4 
Bxa2 21. Rxa2 Qe5 22. Qxe5 Nxe5 23. g4 Rc8 24. b4 Rc6 25. Kg3 Rfc8 26. Rf2 b6 
27. Kg2 Kf8 28. Ng3 g6 29. Ne4 Ke7 30. Kg3 Nd7 31. a4 Nf6 32. Nxf6 Rxf6 33. 
Rxf6 Kxf6 34. Kf4 Re8 35. h4 g5+ 36. hxg5+ hxg5+ 37. Kf3 Re3+ 38. Kf2 Ke5 39. 
a5 b5 40. c4 Kd6 41. cxb5 axb5 42. a6 Re8 43. a7 Ra8 1-0

[Event "2nd GreenWich University FIDE Rating"]
[Site "Dhaka Bangladesh"]
[Date "2006.09.23"]
[Round "2"]
[White "Khondakar Nazre Mowla"]
[Black "Abdul Momin"]
[Result "1-0"]
[WhiteElo "1899"]
[BlackElo "2066"]
[ECO "B92"]
[TimeControl "120 minutes, no increment"]

1. e4 c5 2. Nf3 d6 3. d4 cxd4 4. Nxd4 Nf6 5. Nc3 a6 6. Be2 e6 7. a4 Nc6 
8. Be3 Be7 9. O-O O-O 10. f4 Bd7 11. Bf3 Qc7 12. Nxc6 bxc6 13. a5 d5 14. e5 Ne8 
15. Na4 f6 16. Nb6 Rd8 17. c3 fxe5 18. fxe5 Qxe5 19. Bd4 Qg5 20. Qe2 Nc7 
21. Be5 Nb5 22. Bg4 Bc5+ 23. Kh1 Rfe8 24. Rae1 Kh8 25. Rf7 Re7 26. Bxg7+ Kg8 27. 
Bf6 Qh6 28. Bxe7 Kxf7 29. Bxc5 Kg7 30. Qe5+ Qf6 31. Qxf6+ Kxf6 32. Nxd7+ Rxd7 
33. Bxe6 Rb7 34. Bb6 Nd6 35. Bh3 Ne4 36. Bc8 Rb8 37. Bxa6 Ke6 38. Bd3 Kf5 39. 
g4+ Kxg4 40. Bxe4 dxe4 41. Rxe4+ Kf3 42. Re3+ Kg4 43. b4 h5 44. Rg3+ Kf5 45. 
h4 Ke4 46. Bd4 Ra8 47. Re3+ Kf4 48. Re6 Kg4 49. Rg6+ Kxh4 50. Bf2+ 1-0

[Event "2nd Greenwich University FIDE Rating"]
[Site "Dhaka Bangladesh"]
[Date "2006.09.24"]
[Round "3"]
[White "Kazi Rashedul Dinayet"]
[Black "Khondakar Nazre Mowla"]
[Result "1-0"]
[WhiteElo "2023"]
[BlackElo "1899"]
[ECO "A06"]
[TimeControl "120 minutes, no increment"]

1. Nf3 d5 2. d4 Nf6 3. g3 g6 4. Bg2 Bg7 5. O-O O-O 6. Nc3 c6 7. Re1 Nbd7 8. 
e4 Nxe4 9. Nxe4 dxe4 10. Rxe4 Nf6 11. Rh4 Qb6 12. c3 Bf5 13. Qe2 Rfe8 14. Ne5 
Nd7 15. g4 Be6 16. Kh1 Nxe5 17. dxe5 Rad8 18. Be3 Qa5 19. f4 Bd5 20. c4 Bxg2+ 
21. Kxg2 c5 22. Rh3 Qc7 23. Re1 e6 24. Bd2 Qc6+ 25. Rf3 Rd7 26. Bc3 Red8 27. 
Kg3 a6 28. h4 Qa4 29. b3 Qa3 30. f5 a5 31. fxe6 fxe6 32. Qc2 Bh6 33. g5 Bg7 
34. h5 gxh5 35. Rh1 Bf8 36. Rxh5 b6 37. Kg4 1-0

[Event "2nd Greenwich University FIDE Rating"]
[Site "Dhaka Bangladesh"]
[Date "2006.09.25"]
[Round "4"]
[White "Obaidul Islam Shahin"]
[Black "Khondakar Nazre Mowla"]
[Result "1-0"]
[WhiteElo "2046"]
[BlackElo "1899"]
[ECO "A06"]
[TimeControl "120 minutes, no increment"]

1. Nf3 d5 2. d4 Nf6 3. c4 e6 4. Bf4 c5 5. e3 Nc6 6. dxc5 Bxc5 7. a3 a5 8. Nc3 
O-O 9. Be2 b6 10. Nb5 Bb7 11. O-O Rc8 12. Rc1 Nh5 13. Bg5 Be7 14. cxd5 exd5 
15. Bxe7 Nxe7 16. Nfd4 Nf6 17. Bd3 Qd7 18. Qe2 Ba8 19. Nc3 Bb7 20. Rc2 Rc7 
21. Rfc1 Rfc8 22. Ndb5 Rc5 23. b4 axb4 24. axb4 R5c6 25. Na7 Rxc3 26. Rxc3 
Rxc3 27. Rxc3 Ba8 28. Qc2 Ne8 29. Nc8 Nxc8 30. Rxc8 Bb7 31. Bxh7+ Kh8 32. Bf5 
Qe7 33. Rb8 g6 34. Qa4 1-0